 Dungeon Crawl Stone Soup version 0.29-a0-821-g66395355a5 (console) character file.

Game seed: 15892615386927176520

329 om the Cutter (level 6, -6/32 HPs)
             Began as a Vampire Enchanter on July 7, 2022.
             Was an Initiate of Gozag.
             Mangled by Duvessa
             ... wielding a +0 rapier
              (13 damage)
             ... on level 4 of the Dungeon.
             The game lasted 00:08:43 (3190 turns).

om the Cutter (Vampire Enchanter)                   Turns: 3190, Time: 00:08:44

Health: -6/32      AC:  4    Str:  7    XL:     6   Next: 25%
Magic:  6/9        EV: 12    Int: 18    God:    Gozag
Gold:   247        SH:  0    Dex: 16    Spells: 3/9 levels left

rFire   . . .      SeeInvis +   e - +1 dagger (speed)
rCold   + + .      Faith    .   (no shield)
rNeg    + + +      Spirit   .   b - +0 robe
rPois   ∞          Reflect  .   (no helmet)
rElec   .          Harm     .   (no cloak)
rCorr   .          Rampage  .   m - +1 pair of gloves
Will    .....                   (no boots)
Stlth   +++++.....              (no amulet)
HPRegen 0.00/turn               (no ring)
MPRegen 0.11/turn               (no ring)

@: confusing by touch, gold aura, bloodless, inhibited regen, invisible
A: bloodless, fangs 3, see invisible, vampiric 2
a: Bat Form, Revivify, Renounce Religion, Potion Petition, Call Merchant, Bribe
Branch


You were on level 4 of the Dungeon.
You worshipped Gozag.
Gozag was aware of your devotion.
You visited 1 branch of the dungeon, and saw 4 of its levels.

You collected 296 gold pieces.
You paid 49 gold pieces to Gozag.

Inventory:

Hand Weapons
 e - a +1 dagger of speed (weapon)
Armour
 b - a +0 robe (worn)
 m - a +1 pair of gloves (worn)
Scrolls
 a - 2 scrolls of immolation
 j - a scroll of teleportation
Potions
 c - 2 potions of invisibility
 d - 2 potions of haste
 f - a potion of resistance {unknown}
 g - a potion of curing {unknown}
 h - 2 potions of heal wounds {unknown}
 i - 2 potions of flight
 k - a potion of magic


   Skills:
 * Level 7.0 Short Blades
 - Level 2.1 Dodging
 - Level 4.4 Stealth
 - Level 2.0 Spellcasting
 - Level 4.4 Hexes


You had 3 spell levels left.
You knew the following spells:

 Your Spells              Type           Power      Damage    Failure   Level
a - Ensorcelled Hibernat  Hex/Ice        18%        N/A       11%         2
b - Confusing Touch       Hex            17%        N/A       9%          3
c - Magic Dart            Conj           4%         1d3       19%         1

Your spell library contained the following spells:

 Spells                   Type           Power      Damage    Failure   Level
 Tukima's Dance           Hex            17%        N/A       9%          3
 Dazzling Flash           Conj/Hex       18%        N/A       22%         3
 Portal Projectile        Hex/Tloc       18%        N/A       22%         3
 Call Imp                 Summ           1%         N/A       26%         2
 Call Canine Familiar     Summ           1%         N/A       47%         3
 Mephitic Cloud           Conj/Pois/Air  1%         N/A       47%         3
 Leda's Liquefaction      Hex/Erth       4%         N/A       58%         4
 Silence                  Hex/Air        4%         N/A       90%         5
 Agony                    Necr           1%         N/A       99%         5


Dungeon Overview and Level Annotations

Branches:
Dungeon (4/15)
 Temple: D:4-7

Altars:
Gozag
Qazlal
Uskayaw
Xom

Annotations:
D:1 1 transporter
D:3 1 runed translucent door, blackman's ghost, amateur HuTm
D:4 Duvessa


Innate Abilities, Weirdness & Mutations

You do not regenerate when monsters are visible.
You are frail without blood (-20% HP).
You can heal yourself when you bite living creatures.
You are immune to poison.
You have razor-sharp teeth.
You have supernaturally acute eyesight. (SInv)
You are afflicted with vampirism and can become a bat while bloodless.


Message History

You now have 241 gold pieces (gained 12).
You now have 247 gold pieces (gained 6).
j - a scroll of teleportation
Found a stone staircase leading down.
An orc comes into view. It is wielding a +0 club.
Found a scroll of magic mapping.
Dowan and an orc come into view.
Dowan is wielding a +0 dagger and wearing a +2 robe of willpower.
The orc is wielding a +0 hand axe and wearing a +1 leather armour of cold resistance.
Duvessa, Sister of Dowan comes into view.
She is wielding a +0 rapier.
Found a ring mail.
An orc wizard comes into view. It is wielding a +3 dagger.
Found 9 gold pieces and a ruby potion.
The helpless Dowan fails to defend himself.
You bite Dowan, and draw his blood! You spit Dowan like a pig!!!
You kill Dowan!
Duvessa screams in rage.
Duvessa goes berserk!
Your Short Blades skill increases to level 7!
You fade into invisibility!
Duvessa hits you with a +0 rapier.
The orc shouts! x2
Duvessa rages.
Duvessa hits you with a +0 rapier!!
Ouch! That really hurt!
Aiming: Ensorcelled Hibernation (safe; 11% risk of failure)
Press: ? - help, Q - select action, (/) - cycle Shift-Dir - straight line, f - you That would be overly suicidal.
Okay, then.
Aiming: Ensorcelled Hibernation (safe; 11% risk of failure)
Press: ? - help, Q - select action, (/) - cycle Shift-Dir - straight line, f - Duvessa
Aim: Duvessa, wielding a +0 rapier and wearing a +0 scale mail (wandering, berserk, unable to see you, hasn't noticed you, not susceptible)
Okay, then.
Casting: Ensorcelled Hibernation (safe; 11% risk of failure)
Confirm with . or Enter, or press ? or * to list all spells.
The spell is quite dangerous to miscast (9% risk of failure)!
Continue anyway?
Your hands begin to glow red.
Duvessa hits you with a +0 rapier.
* * * LOW HITPOINT WARNING * * *
You hit Duvessa but do no damage. Duvessa hits you with a +0 rapier!
You die...
Your body crumbles into a pile of gold.

#...# #.# .#._.# #.#
.#...# #.# .#...#
#.# # [#.≈.###.##.#
######>#.≈.##...#.#
###?.......≈.......#
.!.$oo.o.#.≈......##
#...#...###.#.#
##e##...# #.##.#
#.@..#.# #.# .#
##.######.#.###.# #
..........#.....#
#.####.#.#.###.#
#..........# #.#
######.....# #.#
#.##.## #.# ...##.#
#.# #.#..##.# #.# .
##.##.# #.# $ ##.#.#


You could see Duvessa (berserk, unable to see you), an orc wizard (wandering,
unable to see you) and 2 orcs.

Vanquished Creatures
  Grinder (D:3)
  Dowan (D:4)
  2 adders
  2 dart slugs
  14 ball pythons
  7 endoplasms
  3 giant cockroaches
  4 goblins
  8 hobgoblins
  6 jackals (D:1)
  2 kobolds (D:1)
  3 quokkas
  6 bats
  5 frilled lizards
  4 rats
68 creatures vanquished.

Notes
Turn   | Place    | Note
-------+----------+-------------------------------------------
     0 | D:1      | om the Vampire Enchanter began the quest for the Orb.
     0 | D:1      | Reached XP level 1. HP: 13/13 MP: 3/3
    79 | D:1      | Reached skill level 2 in Short Blades
   146 | D:1      | Reached XP level 2. HP: 19/19 MP: 5/5
   154 | D:1      | Found a faded altar of an unknown god.
   280 | D:1      | Reached skill level 3 in Short Blades
   396 | D:1      | Learned a level 2 spell: Ensorcelled Hibernation
   488 | D:1      | Gained mutation: You are afflicted with vampirism and can
                  | become a bat while bloodless. [Vampire growth]
   488 | D:1      | Reached XP level 3. HP: 18/19 MP: 1/6
   628 | D:1      | Learned a level 3 spell: Confusing Touch
  1251 | D:2      | Found a shimmering altar of Xom.
  1730 | D:2      | Reached skill level 4 in Short Blades
  1976 | D:3      | Reached XP level 4. HP: 24/24 MP: 7/7
  2036 | D:3      | Found an opulent altar of Gozag.
  2051 | D:3      | Became a worshipper of Gozag Ym Sagoz the Greedy
  2156 | D:3      | Learned a level 1 spell: Magic Dart
  2474 | D:3      | Noticed Grinder
  2503 | D:3      | Killed Grinder
  2504 | D:3      | Reached skill level 6 in Short Blades
  2504 | D:3      | Reached XP level 5. HP: 16/28 MP: 5/8
  2504 | D:3      | Reached XP level 6. HP: 18/32 MP: 5/9
  2658 | D:3      | Found a hide-covered altar of Uskayaw.
  2739 | D:3      | Found a runed translucent door.
  2739 | D:3      | Noticed blackman's ghost (amateur HuTm)
  2741 | D:3      | Noticed a water moccasin
  3138 | D:4      | Found a stormy altar of Qazlal.
  3182 | D:4      | Noticed Dowan
  3183 | D:4      | Noticed Duvessa
  3185 | D:4      | Killed Dowan
  3186 | D:4      | Reached skill level 7 in Short Blades
  3190 | D:4      | Mangled by Duvessa

Illustrated notes

Levels and vault maps discovered:
D:1:      spicycebolla_arrival_risky_transporter, layout_loops_ring,
          nicolae_ecumenical_snake_handling
D:2:      kennysheep_six_static_rooms, layout_loops_cross, basic_altar,
          st_stairs_13
D:3:      layout_loops_ring, mainiacjoe_overflow_brackets,
          nicolae_gozag_cash_rules_everything_around_me,
          ebering_ghost_inner_flame, uniq_grinder
D:4:      layout_loops_ring, fedhas_ov_isle_minmay, mainiacjoe_overflow_paths,
          trog_three_pillars_becter, lemuel_crystal_altar,
          mainiacjoe_overflow_boulevard, uniq_duvessa

Skill      XL: |  1  2  3  4  5  6 |
---------------+-------------------+-----
Short Blades   | 2 3 4 6 7 |  7.0
Dodging        | |  2.1
Stealth        | |  4.4
Spellcasting   | |  2.0
Hexes          | |  4.4

Action                   |  1- 3 |  4- 6 || total
-------------------------+-------+-------++-------
Melee: Dagger            |   136 |    59 ||   195
       Bite              |    12 |     5 ||    17
       Punch             |     1 |     1 ||     2
 Cast: Ensorcelled Hiber |    10 |     5 ||    15
       Confusing Touch   |       |     2 ||     2
 Abil: Exsanguinate      |     1 |       ||     1
  Use: Scroll            |     6 |     5 ||    11
       Potion            |       |     2 ||     2
 Stab: Sleeping          |    19 |     7 ||    26
       Confused          |       |     2 ||     2
Armor: Robe              |    13 |     7 ||    20
Dodge: Dodged            |    64 |    22 ||    86

Table legend: (Time is in decaauts)
 A = Elapsed time spent in this place.
 B = Non-inter-level travel time spent in this place.
 C = Inter-level travel time spent in this place.
 D = Time resting spent in this place.
 E = Time spent auto-exploring this place.
 F = Levels seen in this place.
 G = Mean time per level.
                   A        B        C        D        E       F      G
               +--------+--------+--------+--------+--------+-----+--------+
         Total |   3101 |   2964 |    137 |    193 |   2114 |   4 |  775.2 |
       Dungeon |   3101 |   2964 |    137 |    193 |   2114 |   4 |  775.2 |
               +--------+--------+--------+--------+--------+-----+--------+

Top non-repeatable levels by time:
     D:1: 1182 daAuts
     D:3: 1077 daAuts
     D:2: 778 daAuts
     D:4: 63 daAuts
